 Seeded DCSS version 0.30.1-11-g7821555f0a (webtiles) character file.

Game seed: 6351066067085065685 (custom seed)

348984 Esekla the Archmage (level 21, -5/125 HPs)
             Began as a Deep Elf Wanderer on Nov 2, 2023.
             Was the Champion of Vehumet.
             Slain by Mennas
             ... wielding a +4 sacred scourge of holy wrath
              (27 damage)
             ... on level 3 of the Vaults on Nov 3, 2023.
             The game lasted 07:09:14 (42705 turns).

Esekla the Archmage (Deep Elf Wanderer)            Turns: 42705, Time: 07:09:15

Health: -5/125     AC: 21    Str:  9    XL:     21   Next: 24%
Magic:  54/54      EV: 14    Int: 36    God:    Vehumet [******]
Gold:   292        SH:  4    Dex: 11    Spells: 1/74 levels left

rFire   + . .        s - +8 Vampire's Tooth {megavamp}
rCold   . . .        d - +0 buckler
rNeg    + . .        P - +1 ring mail "Uronn" {rF+ Regen+ Int+3}
rPois   +            X - +2 helmet {Int+3}
rElec   +            b - +1 cloak {Stlth+}
rCorr   .            l - +0 pair of gloves
SInv    .            g - +2 pair of boots {rampage}
Will    ++...        y - amulet of magic regeneration
Stlth   +            o - ring of Greed {rElec rPois rN+ AC+4 Str-2}
HPRegen 1.20/turn    Q - ring of the Mage {Wiz Archmagi}
MPRegen 0.74/turn

%: rampage, wizardry (x1), archmagi
@: hasted, glowing, silenced, very quick
A: no striking features
}: 2/15 runes: barnacled, gossamer
a: Renounce Religion


You were on level 3 of the Vaults.
You worshipped Vehumet.
Vehumet was exalted by your worship.
You visited 8 branches of the dungeon, and saw 36 of its levels.
You visited 1 bazaar.
You also visited: Trove, Bailey, Gauntlet and Wizlab.

You collected 6518 gold pieces.
You spent 6226 gold pieces at shops.

Inventory:

Hand Weapons
 a - a +9 long sword of protection
 e - the +8 arc blade {discharge, rElec}
   (You bought it in a shop on level 4 of the Dungeon)

   rElec:     It insulates you from electricity.
 f - a +4 scimitar of flaming
 r - a +4 trident of venom
 s - the +8 Vampire's Tooth (weapon) {megavamp}
   (You bought it in a shop in a bazaar)
Missiles
 D - 85 poisoned darts
 K - 4 curare-tipped darts
 M - 29 boomerangs
 Z - 9 silver javelins (quivered)
Armour
 b - a +1 cloak of stealth (worn)
 d - a +0 buckler (worn)
 g - a +2 pair of boots of rampaging (worn)
 l - a +0 pair of gloves (worn)
 B - the scarf of Fanaticism {repulsion, Will+ Regen+ rCorr Dex-3}
   (You acquired it on level 4 of the Dungeon)

   Dex:       It affects your dexterity (-3).
   Regen:     It increases your rate of health regeneration.
   rCorr:     It protects you from acid and corrosion.
   Will:      It increases your willpower.
 F - the +1 animal skin "Kougi" {rPois rF++ MP+9}
   (You found it on level 2 of the Shoals)

   rF:        It greatly protects you from fire.
   rPois:     It protects you from poison.
   MP:        It affects your magic capacity (+9).
 N - the -2 hat of the Alchemist {rElec rPois rF+ rC+ rN+ Will+ rMut rCorr}
   (You found it in a wizard's laboratory)

   rF:        It protects you from fire.
   rC:        It protects you from cold.
   rElec:     It insulates you from electricity.
   rPois:     It protects you from poison.
   rN:        It protects you from negative energy.
   rCorr:     It protects you from acid and corrosion.
   rMut:      It protects you from mutation.
   Will:      It increases your willpower.
 P - the +1 ring mail "Uronn" (worn) {rF+ Regen+ Int+3}
   (You found it on level 4 of the Shoals)

   Int:       It affects your intelligence (+3).
   rF:        It protects you from fire.
   Regen:     It increases your rate of health regeneration.
 X - a +2 helmet of intelligence (worn)
Jewellery
 o - the ring of Greed (left hand) {rElec rPois rN+ AC+4 Str-2}
   (You bought it in a shop on level 2 of the Dungeon)

   [ring of protection]

   AC:        It affects your AC (+4).
   Str:       It affects your strength (-2).
   rElec:     It insulates you from electricity.
   rPois:     It protects you from poison.
   rN:        It protects you from negative energy.
 y - an amulet of magic regeneration (around neck)
 z - a ring of see invisible
 L - the ring "Edamun" {rF+ Will+ Str+3 Dex+2 Slay+2}
   (You found it in a treasure trove)

   [ring of willpower]

   Str:       It affects your strength (+3).
   Dex:       It affects your dexterity (+2).
   Slay:      It affects your accuracy & damage with ranged weapons and melee
   (+2).
   rF:        It protects you from fire.
   Will:      It increases your willpower.
 Q - the ring of the Mage (right hand) {Wiz Archmagi}
   (You bought it in a shop on level 2 of the Dungeon)

   [ring of wizardry]

   It improves your spell success rate.
   Archmagi:  It increases the power of your magical spells.
 T - the ring "Pileq" {Ice Str+4 Dex+3 Slay+2}
   (You took it off a merfolk on level 4 of the Shoals)

   [ring of ice]

   It enhances your ice magic.
   Str:       It affects your strength (+4).
   Dex:       It affects your dexterity (+3).
   Slay:      It affects your accuracy & damage with ranged weapons and melee
   (+2).
   rF:        It makes you vulnerable to fire.
   rC:        It protects you from cold.
 U - the ring of Sapleuza {rF+ rC+ Str-3 Int+3}
   (You acquired it on level 1 of the Elven Halls)

   [ring of protection from cold]

   Str:       It affects your strength (-3).
   Int:       It affects your intelligence (+3).
   rF:        It protects you from fire.
   rC:        It protects you from cold.
 Y - an amulet of reflection
Wands
 j - a wand of roots (30)
 q - a wand of digging (13)
 C - a wand of flame (41)
 G - a wand of mindburst (17)
 J - a wand of quicksilver (22)
Scrolls
 p - 3 scrolls of amnesia
 u - 7 scrolls of fog
 w - 2 scrolls of silence
 x - 3 scrolls of magic mapping
 A - 7 scrolls of blinking
 E - 14 scrolls of teleportation
 H - 9 scrolls of poison
 W - 5 scrolls of fear
Potions
 c - a potion of mutation
 h - 5 potions of heal wounds
 i - 11 potions of attraction
 k - 3 potions of curing
 m - 9 potions of haste
 n - 3 potions of might
 t - 7 potions of brilliance
 I - 6 potions of flight
 O - 2 potions of cancellation
 R - 7 potions of ambrosia
 S - 5 potions of magic
 V - 3 potions of resistance
Miscellaneous
 v - a lightning rod (4/4)


   Skills:
 - Level 11.6 Fighting
 + Level 5.5(5.9) Short Blades
 + Level 2.4(4.1) Long Blades
 + Level 3.2 Throwing
 - Level 7.0 Armour
 * Level 16.0 Dodging
 + Level 4.7 Stealth
 - Level 3.0 Shields
 O Level 27 Spellcasting
 - Level 9.1 Conjurations
 + Level 13.2 Necromancy
 - Level 6.6 Translocations
 - Level 5.7 Transmutations
 + Level 10.0 Fire Magic
 + Level 12.1 Ice Magic
 * Level 13.2 Air Magic
 * Level 8.8 Earth Magic
 - Level 9.4 Poison Magic
 + Level 1.0 Invocations
 + Level 1.5 Evocations


You had one spell level left.
You knew the following spells:

 Your Spells              Type           Power      Damage    Failure   Level
a - Ozocubu's Armour      Ice            100%       N/A       1%          3
b - Blink                 Tloc           100%       N/A       1%          2
c - Mephitic Cloud        Conj/Pois/Air  100%       N/A       1%          3
d - Vampiric Draining     Necr           100%       2d13      0%          3
e - Searing Ray           Conj           100%       2d8       1%          2
f - Fireball              Conj/Fire      54%        3d21      1%          5
g - Ozocubu's Refrigerat  Ice            58%        4d20      1%          7
i - Irradiate             Conj/Tmut      50%        3d28      1%          5
k - Airstrike             Air            60%        2d(9-25)  1%          4
m - Maxwell's Capacitive  Air            60%        ∞         4%          8
n - Ignite Poison         Fire/Tmut/Pois 100%       N/A       1%          3
o - Orb of Destruction    Conj           53%        9d13      3%          7
p - Apportation           Tloc           100%       N/A       1%          1
r - Frozen Ramparts       Ice            100%       1d16      1%          3
v - Poisonous Vapours     Pois/Air       100%       N/A       0%          2
w - Wereblood             Tmut           94%        N/A       1%          2
x - Olgreb's Toxic Radia  Pois           100%       N/A       1%          4
y - Sticky Flame          Conj/Fire      100%       2d11      1%          4
z - Freezing Cloud        Conj/Ice/Air   57%        6-21      1%          5

Your spell library contained the following spells:

 Spells                   Type           Power      Damage    Failure   Level
 Polar Vortex             Ice            58%        N/A       65%         9
 Chain Lightning          Conj/Air       57%        3d76      75%         9
 Fire Storm               Conj/Fire      54%        8d14      91%         9
 Freeze                   Ice            100%       1d10      0%          1
 Necrotise                Necr           100%       1d9       0%          1
 Shock                    Conj/Air       100%       1d9       0%          1
 Foxfire                  Conj/Fire      100%       2x1d9     1%          1
 Magic Dart               Conj           100%       1d8       1%          1
 Sandblast                Erth           100%       2d20      1%          1
 Sting                    Tmut/Pois      100%       1d8       1%          1
 Summon Small Mammal      Summ           100%       N/A       1%          1
 Cigotuvi's Dreadful Rot  Necr/Pois/Air  100%       N/A       0%          2
 Sublimation of Blood     Necr           100%       N/A       0%          2
 Swiftness                Air            100%       N/A       0%          3
 Call Imp                 Summ           100%       N/A       1%          2
 Lesser Beckoning         Tloc           100%       N/A       1%          2
 Passwall                 Tmut/Erth      83%        N/A       1%          2
 Call Canine Familiar     Summ           64%        N/A       1%          3
 Dazzling Flash           Conj/Hex       100%       N/A       1%          3
 Gell's Gravitas          Tloc           98%        N/A       1%          3
 Hailstorm                Conj/Ice       100%       3d20      1%          3
 Inner Flame              Hex/Fire       91%        N/A       1%          3
 Portal Projectile        Hex/Tloc       100%       N/A       1%          3
 Spider Form              Tmut/Pois      100%       N/A       1%          3
 Stone Arrow              Conj/Erth      100%       3d13      1%          3
 Summon Guardian Golem    Hex/Summ       64%        N/A       1%          3
 Teleport Other           Tloc           98%        N/A       1%          3
 Vhi's Electric Charge    Tloc/Air       100%       N/A       1%          3
 Anguish                  Hex/Necr       48%        N/A       1%          4
 Dispel Undead            Necr           100%       3d31      1%          4
 Ice Form                 Ice/Tmut       100%       N/A       1%          4
 Leda's Liquefaction      Hex/Erth       44%        N/A       1%          4
 Manifold Assault         Tloc           98%        N/A       1%          4
 Passage of Golubria      Tloc           98%        N/A       1%          4
 Petrify                  Tmut/Erth      100%       N/A       1%          4
 Summon Ice Beast         Ice/Summ       95%        N/A       1%          4
 Agony                    Necr           100%       N/A       1%          5
 Alistair's Intoxication  Tmut/Pois      67%        N/A       1%          5
 Arcjolt                  Conj/Air       57%        1d67      1%          5
 Blade Hands              Tmut           47%        N/A       1%          5
 Metabolic Englaciation   Hex/Ice        47%        N/A       1%          5
 Silence                  Hex/Air        48%        N/A       1%          5
 Yara's Violent Unravell  Hex/Tmut       40%        3d16      1%          5
 Conjure Ball Lightning   Conj/Air       57%        3x3d21    1%          6
 Death Channel            Necr           60%        N/A       1%          6
 Plasma Beam              Fire/Air       57%        2x1d80    1%          6
 Starburst                Conj/Fire      54%        6d15      1%          6
 Statue Form              Tmut/Erth      66%        N/A       4%          6
 Cause Fear               Hex            32%        N/A       6%          4
 Dispersal                Tloc           49%        N/A       6%          6
 Storm Form               Tmut/Air       54%        N/A       11%         7
 Summon Mana Viper        Hex/Summ       64%        N/A       16%         5
 Ignition                 Fire           55%        3d15      17%         8
 Spellforged Servitor     Conj/Summ      44%        N/A       21%         7
 Lehudib's Crystal Spear  Conj/Erth      53%        10d12     24%         8
 Dragon Form              Tmut           47%        N/A       41%         7
 Disjunction              Tloc           49%        N/A       92%         8
 Enfeeble                 Hex            32%        N/A       99%         7
 Summon Hydra             Summ           32%        N/A       99%         7
 Discord                  Hex            32%        N/A       100%        8


Dungeon Overview and Level Annotations

Branches:
Dungeon (15/15)            Temple (0/1) D:6            Lair (5/5) D:11
 Shoals (4/4) Lair:2       Spider (4/4) Lair:3        Slime (0/5) Lair:5
    Orc (2/2) D:10            Elf (1/3) Orc:2        Vaults (3/5) D:13
  Crypt (0/3) Vaults:2     Depths (2/4) D:15         Bailey (visited)
 WizLab (visited)         Gauntlet (visited)

Altars:
Dithmenos
Fedhas
Hepliaklqana
Nemelex Xobeh
Okawaru
Qazlal
Ru
Trog
Uskayaw
Vehumet
Zin
The Shining One
Jiyva

Shops:
D:2 =   D:4 (   D:11 *   Orc:2 **[:   Shoals:2 (   Shoals:3 !   Vaults:1 [
Depths:2 :

Portals:
Hell: Depths:1 Depths:2
Abyss: Depths:2
Pandemonium: Orc:2 Depths:2

Annotations:
D:9 Harold
Vaults:3 Mennas


Message History

You are confused.
You're too confused to cast spells.
You're too confused to aim your attacks!
Unknown command.
You feel better.
Mennas gestures frantically.
You are confused.
You're too confused to cast spells.
You're too confused to aim your attacks!
You feel better.
Casting: Poisonous Vapours (safe; 0% risk of failure)
Confirm with . or Enter, or press ? or * to list all spells.
Aiming: Poisonous Vapours (safe; 0% risk of failure)
Press: ? - help, Dir - move target, f/p - ironbound convoker
Aim: an ironbound convoker, wielding a +0 mace and wearing a +0 ring mail (lightly wounded, very poisoned, haloed)
You feel a surge of power!
Poisonous vapours surround the ironbound convoker!
The ironbound convoker looks as sick as possible!
Mennas hits you but does no damage. x2
Casting: Poisonous Vapours (safe; 0% risk of failure)
Confirm with . or Enter, or press ? or * to list all spells.
You feel a surge of power!
You ignite the poison in your surroundings!
The ironbound convoker seems to burn from within!!!!
You kill the ironbound convoker!
Vehumet accepts your kill.
You feel your power returning.
Mennas gestures frantically.
You are confused.
Mennas hits you with a +4 sacred scourge of holy wrath!! x2
Your Dodging skill increases to level 16!
You feel better.
Mennas gestures frantically.
Mennas's surroundings become eerily quiet.
You feel yourself speed up.
Mennas is caught in a moment of prayer.
Mennas hits you with a +4 sacred scourge of holy wrath!! x2
* * * LOW HITPOINT WARNING * * *
Mennas hits you with a +4 sacred scourge of holy wrath!!
You die...

#.....#..# #..'..
#..)..'..## ##..###
######.....##..## ##..##..
#....#.....###..###..###..
#....#.....# ##.....## #..
###..#.....# ##...## #..
#..#.....#######'#####..
#..#.....#..........#...
#..'...@.#..........#...
####...A.#..........#...
#...).#..........#...
#.....#..........#...
#.....#.......>..#...
#.....#..........#...
#.....########'###...
#....................
#....................


You could see Mennas (strong, silencing).

Vanquished Creatures
  Mara (Spider:3)
  A mutant beast (WizLab)
  3 hellephants
  Rupert (Lair:4)
  A lich (Depths:2)
  7 sphinxes
  2 krakens
  A tengu reaver (Depths:2)
  2 storm dragons (D:14)
  Ilsuiw (Shoals:3)
  5 fire giants
  6 frost giants
  8 emperor scorpions
  A deep elf sorcerer (Elf:1)
  4 ghost moths
  5 vault wardens
  3 orc warlords
  9 ironbound thunderhulks
  6 ironbound preservers
  5 stone giants
  24 very ugly things
  4 war gargoyles (Vaults:2)
  A broodmother (Spider:3)
  A reaper (Gauntlet)
  3 vampire knights
  A deep elf demonologist (Elf:1)
  Azrael (Orc:2)
  6 dire elephants
  2 deep elf annihilators (Elf:1)
  2 minotaurs
  2 eidola (Vaults:2)
  6 spark wasps
  5 entropy weavers
  A deep elf death mage (Elf:1)
  4 merfolk impalers
  4 ettins
  4 great orbs of eyes
  5 fire dragons
  2 yaktaur captains
  4 merfolk javelineers
  2 ice dragons (Depths:2)
  2 deep elf high priests
  2 peacekeepers (Vaults:2)
  3 spriggan air magi (Depths:1)
  5 vault guards
  11 ironbound frosthearts
  A demonspawn (Orc:2)
  3 merfolk aquamancers
  4 hydras
  3 radroaches
  16 satyrs
  10 centaur warriors
  3 catoblepae
  A hell beast (Depths:2)
  3 jorogumos
  An alligator snapping turtle (Shoals:3)
  4 dancing weapons
  A ghost crab (Gauntlet)
  4 merfolk avatars
  10 boulder beetles
  2 tengu warriors (Depths:2)
  4 two-headed ogres
  3 deep troll earth magi (Depths:1)
  7 hell hogs
  A vampire mage (Vaults:2)
  2 spriggan berserkers
  6 hell knights (Depths:2)
  A sun demon (Depths:2)
  3 orc high priests (Orc:2)
  2 pharaoh ants
  6 skeletal warriors
  An iron troll (Depths:1)
  A sun moth (Spider:1)
  20 deep trolls
  2 flayed ghosts (Depths:2)
  A glowing orange brain (shapeshifter) (WizLab)
  Lodul (D:11)
  12 sea snakes
  4 skysharks
  10 orb spiders
  2 deep elf archers
  A glowing orange brain (Vaults:2)
  10 wizards
  Pikel (D:6)
  A swamp dragon (Lair:5)
  12 ironbound convokers
  5 lindwurms
  3 steelbarb worms
  An oklob plant (Lair:5)
  A harpy (shapeshifter) (D:15)
  A sphinx zombie (Depths:1)
  4 necromancers
  7 deep elf zephyrmancers (Elf:1)
  29 harpies
  60 ugly things
  15 deep elf pyromancers
  8 wolf spiders
  23 fauns
  A wolf spider (shapeshifter) (WizLab)
  11 orc knights
  A shining eye (shapeshifter) (WizLab)
  A fire giant zombie (Depths:1)
  A stone giant zombie (Depths:1)
  22 cyclopes
  10 orc sorcerers
  3 moths of wrath
  Joseph (D:7)
  26 manticores
  6 merfolk sirens
  A salamander (shapeshifter) (WizLab)
  2 black mambas
  9 elephants (Lair:5)
  A black mamba (shapeshifter) (D:13)
  7 water nymphs
  7 torpor snails
  A guardian serpent (shapeshifter) (WizLab)
  3 smoke demons
  17 vault sentinels
  2 gargoyles
  3 demonic crawlers
  A cane toad (shapeshifter) (WizLab)
  11 cane toads
  Psyche (D:11)
  2 unseen horrors (shapeshifter) (WizLab)
  3 rime drakes
  An unseen horror (D:13)
  A freezing wraith (Vaults:2)
  A yaktaur (shapeshifter) (WizLab)
  16 komodo dragons
  4 kobold demonologists
  20 yaktaurs
  An ice devil (Depths:2)
  A komodo dragon (shapeshifter) (WizLab)
  2 elves (WizLab)
  4 tengu conjurers
  An efreet (D:14)
  A red devil (Orc:2)
  3 queen bees (shapeshifter)
  A polar bear (shapeshifter) (WizLab)
  14 hornets
  A meliai (D:14)
  A hellwing (Gauntlet)
  28 merfolk
  A polar bear (D:11)
  10 trolls
  A merfolk (shapeshifter) (WizLab)
  A wind drake (shapeshifter) (WizLab)
  9 tarantellas
  A tarantella (shapeshifter) (Elf:1)
  3 tyrant leeches (Lair:5)
  3 wind drakes
  5 blink frogs (Lair:1)
  An ettin zombie (Depths:1)
  18 slime creatures
  11 jumping spiders
  A culicivora (shapeshifter) (WizLab)
  A slime creature (shapeshifter) (WizLab)
  8 snapping turtles
  13 spriggans
  33 yaks
  A spriggan (shapeshifter) (Depths:2)
  An air elemental (Elf:1)
  2 jumping spiders (shapeshifter) (WizLab)
  4 centaur simulacra (D:11)
  2 vampires
  7 culicivoras
  4 humans (WizLab)
  6 water elementals
  5 wraiths
  5 basilisks
  A chaos spawn (Orc:2)
  A golden eye (shapeshifter) (WizLab)
  3 fire elementals (Orc:2)
  A human (shapeshifter) (WizLab)
  An iron golem (WizLab)
  3 steam dragons
  5 wyverns
  A redback (shapeshifter) (WizLab)
  9 small abominations (WizLab)
  5 vampire mosquitoes
  29 redbacks
  Menkaure (D:7)
  3 wargs
  4 hell hounds (Orc:2)
  3 acid dragons
  4 floating eyes (WizLab)
  6 ice beasts
  7 large abominations (WizLab)
  14 water moccasins
  2 swamp drakes (Lair:5)
  A sky beast (D:6)
  A meliai simulacrum (D:14)
  43 orc warriors
  2 black bears
  18 ogres
  9 centaurs
  3 boggarts (Lair:3)
  12 wolves
  A phantom (D:7)
  Blork the orc (D:6)
  6 kobold brigands
  4 gnoll sergeants
  10 bullfrogs
  3 scorpions
  9 wights
  21 killer bees
  2 howler monkeys (D:10)
  An electric eel (D:11)
  2 quasits
  3 gnoll boudas
  6 hounds
  A jelly (D:6)
  Crazy Yiuf (D:7)
  32 orc priests
  7 iguanas
  A sleepcap (D:5)
  14 orc wizards
  12 hell rats
  34 gnolls
  9 adders
  4 shadow imps
  9 white imps
  4 ufetubi
  A worm (D:4)
  3 dart slugs
  98 orcs
  4 endoplasms
  9 goblins
  7 hobgoblins
  A quokka (D:1)
  3 training dummies (Shoals:2)
  6 ball pythons
  4 bats
  4 frilled lizards
  24 kobolds
  A rat (D:2)
  A butterfly (Lair:4)
  A tentacle (Shoals:4)
1484 creatures vanquished.

Vanquished Creatures (others)
  A merfolk aquamancer (Shoals:4)
  A tarantella (shapeshifter) (WizLab)
  11 tentacles
13 creatures vanquished.

Grand Total: 1497 creatures vanquished

Notes
Turn   | Place    | Note
-------+----------+-------------------------------------------
     0 | D:1      | Esekla the Deep Elf Wanderer began the quest for the Orb.
     0 | D:1      | Esekla set off with the following items: a +0 club, a
                  | potion of lignification, a +0 robe, a +0 buckler; and the
                  | following spells available to memorise: Apportation, Blink,
                  | Lesser Beckoning, Magic Dart, Ignite Poison, Vampiric
                  | Draining.
     0 | D:1      | Reached XP level 1. HP: 10/10 MP: 7/7
     2 | D:1      | Learned a level 1 spell: Magic Dart
     4 | D:1      | Learned a level 1 spell: Apportation
   232 | D:2      | Found Renulab's Jewellery Shop.
   418 | D:4      | Found a radiant altar of Vehumet.
   426 | D:4      | Found an iron altar of Okawaru.
   444 | D:4      | Found a glowing silver altar of Zin.
   526 | D:4      | Became a worshipper of Vehumet
   674 | D:3      | Reached skill level 5 in Spellcasting
   698 | D:3      | Reached XP level 2. HP: 15/15 MP: 10/10
   701 | D:3      | Learned a level 2 spell: Blink
   949 | D:3      | Identified the +5 rapier of the Hero {heavy, rN+ Dex+3}
  1141 | D:1      | Reached XP level 3. HP: 19/19 MP: 7/12
  1165 | D:1      | Learned a level 3 spell: Vampiric Draining
  1189 | D:1      | Reached * piety under Vehumet
  1189 | D:1      | Offered knowledge of Sandblast by Vehumet.
  1351 | D:1      | Reached skill level 6 in Spellcasting
  1839 | D:3      | Found a stormy altar of Qazlal.
  1876 | D:3      | Reached skill level 1 in Necromancy
  1876 | D:3      | Reached XP level 4. HP: 24/24 MP: 12/14
  1880 | D:3      | Found a hazy altar of Hepliaklqana.
  1882 | D:3      | Found a bloodstained altar of Trog.
  2132 | D:5      | Entered Level 5 of the Dungeon
  2135 | D:5      | Got the Parchment of the Lumpy Olives
  2165 | D:5      | Found a shadowy altar of Dithmenos.
  2546 | D:4      | Reached skill level 1 in Dodging
  2575 | D:3      | Reached skill level 7 in Spellcasting
  2575 | D:3      | Reached XP level 5. HP: 25/28 MP: 11/16
  2623 | D:4      | Found a glowing golden altar of the Shining One.
  2699 | D:4      | Found Ponaysk's Antique Weapon Boutique.
  3152 | D:5      | Noticed an ogre
  3208 | D:5      | Reached ** piety under Vehumet
  3208 | D:5      | Offered knowledge of Freeze by Vehumet.
  3268 | D:5      | Reached XP level 6. HP: 32/32 MP: 18/18
  3431 | D:2      | Reached skill level 1 in Short Blades
  3473 | D:2      | Found a faded altar of an unknown god.
  3536 | D:2      | Reached skill level 8 in Spellcasting
  3536 | D:2      | Reached skill level 1 in Conjurations
  3746 | D:4      | Reached XP level 7. HP: 36/36 MP: 21/21
  3838 | D:5      | Reached skill level 1 in Throwing
  4130 | D:5      | Reached skill level 9 in Spellcasting
  4200 | D:6      | Noticed Blork the orc
  4215 | D:6      | Killed Blork the orc
  4375 | D:7      | Reached XP level 8. HP: 21/41 MP: 11/23
  4386 | D:7      | Found a runed translucent door.
  4387 | D:7      | Noticed Crazy Yiuf
  4460 | D:7      | Killed Crazy Yiuf
  4574 | D:7      | Reached skill level 10 in Spellcasting
  4574 | D:7      | Reached skill level 5 in Necromancy
  4636 | D:7      | Offered knowledge of Searing Ray by Vehumet.
  4647 | D:7      | Learned a level 2 spell: Searing Ray
  4674 | D:7      | Noticed Menkaure
  4680 | D:7      | Killed Menkaure
  5127 | D:6      | Noticed Pikel
  5141 | D:6      | Killed Pikel
  5142 | D:6      | Reached skill level 11 in Spellcasting
  5142 | D:6      | Reached XP level 9. HP: 19/45 MP: 12/26
  5307 | D:6      | Found a staircase to the Ecumenical Temple.
  5697 | D:6      | Reached *** piety under Vehumet
  5719 | D:6      | Learned a level 3 spell: Ignite Poison
  5735 | D:6      | Found a blossoming altar of Fedhas.
  5974 | D:7      | Noticed Joseph
  5997 | D:7      | Killed Joseph
  5998 | D:7      | Reached skill level 5 in Dodging
  5998 | D:7      | Reached skill level 12 in Spellcasting
  6193 | D:8      | Offered knowledge of Stone Arrow by Vehumet.
  6210 | D:7      | Reached skill level 5 in Conjurations
  6431 | D:7      | Reached **** piety under Vehumet
  6501 | D:8      | Found a hide-covered altar of Uskayaw.
  6501 | D:8      | Noticed a two-headed ogre
  6771 | D:8      | Offered knowledge of Dazzling Flash by Vehumet.
  6845 | D:8      | Found a transporter.
  6847 | D:8      | Found a transporter.
  6856 | D:8      | Found a transporter.
  6857 | D:8      | Found a transporter.
  7256 | D:8      | Killed a two-headed ogre
  7257 | D:8      | Reached skill level 13 in Spellcasting
  7257 | D:8      | Reached XP level 10. HP: 50/50 MP: 29/29
  7403 | D:9      | Found a flagged portal.
  7434 | Bailey   | Entered a bailey
  7638 | Bailey   | Identified the +2 bardiche of Puhoisos {heavy, rElec
                  | Stlth+}
  7807 | Bailey   | Noticed an orc knight
  7807 | Bailey   | Noticed an orc knight
  7830 | Bailey   | Killed an orc knight
  7864 | Bailey   | Killed an orc knight
  8161 | D:9      | Reached skill level 14 in Spellcasting
  8233 | D:9      | Found a sparkling altar of Nemelex Xobeh.
  8300 | D:9      | Noticed a two-headed ogre
  8306 | D:9      | Killed a two-headed ogre
  8307 | D:9      | Reached skill level 1 in Fighting
  8472 | D:9      | Noticed a cyclops
  8595 | D:9      | Killed a cyclops
  8596 | D:9      | Reached skill level 1 in Transmutations
  8596 | D:9      | Reached XP level 11. HP: 10/56 MP: 31/31
  8799 | D:9      | Reached ***** piety under Vehumet
  8799 | D:9      | Offered knowledge of Arcjolt by Vehumet.
  9122 | D:9      | Noticed Harold
  9162 | D:10     | Entered Level 10 of the Dungeon
  9531 | D:10     | Reached skill level 1 in Poison Magic
  9538 | D:10     | Learned a level 5 spell: Arcjolt
  9806 | D:10     | Reached skill level 1 in Fire Magic
  9874 | D:10     | Found a staircase to the Orcish Mines.
  9891 | Orc:1    | Entered Level 1 of the Orcish Mines
  9893 | Orc:1    | Noticed an orc knight
  9936 | D:10     | Killed an orc knight
 10212 | D:9      | Reached skill level 15 in Spellcasting
 10428 | D:2      | Bought the ring of the Mage {Wiz Archmagi} for 714 gold
                  | pieces
 10428 | D:2      | Found the ring of the Mage {Wiz Archmagi}
 10648 | D:10     | Reached skill level 1 in Air Magic
 10850 | D:10     | Found a sacrificial altar of Ru.
 11106 | D:11     | Reached skill level 10 in Necromancy
 11138 | D:11     | Found a staircase to the Lair.
 11232 | D:12     | Learned a level 2 spell: Wereblood
 11450 | D:12     | Found a portal to a secret trove of treasure.
 11495 | D:12     | Learned a level 3 spell: Mephitic Cloud
 11498 | D:12     | Learned a level 2 spell: Poisonous Vapours
 11504 | D:12     | Learned a level 5 spell: Freezing Cloud
 11667 | D:12     | Learned a level 5 spell: Fireball
 11860 | D:12     | Noticed a red ugly thing
 12028 | D:11     | Noticed Lodul
 12035 | D:11     | Killed Lodul
 12036 | D:11     | Reached XP level 12. HP: 64/64 MP: 33/33
 12038 | D:11     | Reached skill level 1 in Armour
 12039 | D:11     | Noticed Psyche
 12045 | D:11     | Noticed a two-headed ogre
 12053 | D:11     | Killed a two-headed ogre
 12054 | D:11     | Reached skill level 1 in Ice Magic
 12059 | D:11     | Killed Psyche
 12258 | D:11     | Got Simple Magic
 12287 | D:11     | Found Fagafuf's Pet Rocks.
 12606 | Trove    | Entered a treasure trove
 12619 | Trove    | Identified the ring "Edamun" {rF+ Will+ Str+3 Dex+2 Slay+2}
 12627 | Trove    | Identified the +1 flail "Jovap" {freeze, rElec Dex+5}
 12629 | Trove    | Identified the +0 cloak of Time Monsters {Stlth+}
 12945 | Lair:1   | Entered Level 1 of the Lair of Beasts
 13150 | Lair:1   | Reached skill level 16 in Spellcasting
 13598 | Lair:1   | You fall into a shaft and drop 1 floor!
 13754 | Lair:2   | Found a transporter.
 13754 | Lair:2   | Found a transporter.
 13755 | Lair:2   | Noticed a boulder beetle
 13755 | Lair:2   | Noticed a boulder beetle
 13766 | Lair:2   | Killed a boulder beetle
 13771 | Lair:2   | Killed a boulder beetle
 14378 | Lair:2   | Found a staircase to the Shoals.
 14383 | Lair:2   | Reached XP level 13. HP: 58/70 MP: 27/35
 14696 | Lair:3   | Found a hole to the Spider Nest.
 14928 | D:2      | Bought the ring of Greed {rElec rPois rN+ AC+4 Str-2} for
                  | 758 gold pieces
 15237 | Lair:3   | Identified the +3 leather armour of Okawaru's Inspiration
                  | {Str+4}
 15836 | Lair:3   | Reached skill level 5 in Fighting
 16347 | Lair:4   | Learned a level 4 spell: Sticky Flame
 16583 | Lair:4   | Noticed Rupert
 16686 | Lair:4   | Reached skill level 17 in Spellcasting
 16686 | Lair:4   | Reached skill level 5 in Poison Magic
 16868 | Lair:4   | Killed Rupert
 17165 | Lair:5   | Entered Level 5 of the Lair of Beasts
 17183 | Lair:5   | Reached skill level 5 in Transmutations
 17295 | Lair:5   | Reached skill level 5 in Fire Magic
 17309 | Lair:5   | Reached skill level 5 in Air Magic
 17317 | Lair:5   | Reached XP level 14. HP: 76/78 MP: 19/37
 17475 | Lair:5   | Found a viscous altar of Jiyva.
 17475 | Lair:5   | Found a staircase to the Slime Pits.
 17527 | Lair:5   | Found a runed translucent door.
 17549 | Lair:5   | Reached skill level 10 in Dodging
 18569 | Lair:5   | Got Utragud's Papyrus of the Inquisitive Olives
 18819 | Orc:2    | Entered Level 2 of the Orcish Mines
 18912 | Orc:2    | Reached skill level 18 in Spellcasting
 18912 | Orc:2    | Reached skill level 5 in Ice Magic
 19042 | Orc:2    | Found Roezostra's General Store.
 19048 | Orc:2    | Found Bamnuus's General Store.
 19062 | Orc:2    | Offered knowledge of Ozocubu's Refrigeration by Vehumet.
 19078 | Orc:2    | Learned a level 7 spell: Ozocubu's Refrigeration
 19375 | Orc:2    | Noticed an orc warlord
 19400 | Orc:2    | Killed an orc warlord
 19494 | Orc:2    | Found a staircase to the Elven Halls.
 19563 | Orc:2    | Noticed Azrael
 19674 | Orc:2    | Killed Azrael
 19813 | Orc:2    | Found Jyohez's Book Shop.
 19813 | Orc:2    | Found Huzal's Antique Armour Boutique.
 19814 | Orc:2    | Found a one-way gate leading to the halls of Pandemonium.
 19816 | Orc:2    | Bought a Young Poisoner's Handbook for 300 gold pieces
 19821 | Orc:2    | Learned a level 4 spell: Olgreb's Toxic Radiance
 19823 | Orc:2    | Bought a runed helmet for 270 gold pieces
 19997 | Orc:1    | Noticed an orc warlord
 20001 | Orc:1    | Offered knowledge of Iron Shot by Vehumet.
 20003 | Orc:1    | Killed an orc warlord
 20005 | Orc:1    | Reached skill level 19 in Spellcasting
 20006 | Orc:1    | Reached XP level 15. HP: 64/85 MP: 40/40
 20361 | Spider:1 | Entered Level 1 of the Spider Nest
 20397 | Spider:1 | Identified the +1 pair of boots of Piysunuo {Str+3}
 20462 | Spider:1 | Reached skill level 5 in Armour
 20693 | Spider:1 | Reached skill level 5 in Translocations
 21150 | Spider:2 | Offered knowledge of Conjure Ball Lightning by Vehumet.
 21192 | Spider:2 | Reached skill level 1 in Long Blades
 21727 | Elf:1    | Entered Level 1 of the Elven Halls
 21813 | Orc:2    | Reached skill level 20 in Spellcasting
 21893 | Elf:1    | Paralysed by an air elemental for 1 turns
 21896 | Elf:1    | Paralysed by an air elemental for 1 turns
 22053 | Elf:1    | Noticed a deep elf sorcerer
 22056 | Elf:1    | Killed a deep elf sorcerer
 22617 | Elf:1    | Acquired the ring of Sapleuza {rF+ rC+ Str-3 Int+3}
 22619 | Elf:1    | Acquired 1042 gold pieces
 22927 | D:4      | Bought the +8 arc blade {discharge, rElec} for 1740 gold
                  | pieces
 22927 | D:4      | Found the +8 arc blade {discharge, rElec}
 22930 | D:4      | Acquired the scarf of Fanaticism {repulsion, Will+ Regen+
                  | rCorr Dex-3}
 23015 | D:2      | Bought a ring of see invisible for 210 gold pieces
 23766 | Spider:3 | Learned a level 3 spell: Frozen Ramparts
 23926 | Spider:3 | Noticed an emperor scorpion
 24080 | Spider:3 | Reached XP level 16. HP: 92/92 MP: 31/42
 24631 | Spider:4 | Entered Level 4 of the Spider Nest
 24631 | Spider:4 | Noticed Mara
 24646 | Spider:3 | Noticed Esekla's illusion
 24656 | Spider:3 | Noticed Esekla's illusion
 24658 | Spider:3 | Noticed Esekla's illusion
 25183 | Spider:4 | Offered knowledge of Eringya's Noxious Bog by Vehumet.
 25446 | Spider:4 | Reached skill level 21 in Spellcasting
 25717 | Spider:4 | Got a gossamer rune of Zot
 25979 | Spider:3 | Noticed Esekla's illusion
 26125 | Spider:3 | Killed Mara
 26317 | Shoals:1 | Entered Level 1 of the Shoals
 26947 | Shoals:2 | Reached skill level 22 in Spellcasting
 27413 | Shoals:2 | Reached XP level 17. HP: 91/99 MP: 36/45
 27521 | Shoals:2 | Learned a level 8 spell: Maxwell's Capacitive Coupling
 27544 | Shoals:2 | Found Biskeott's Firing Range.
 27612 | Shoals:2 | Offered knowledge of Irradiate by Vehumet.
 27630 | Shoals:1 | Learned a level 5 spell: Irradiate
 28686 | Shoals:3 | Noticed Ilsuiw
 28697 | Shoals:3 | Killed Ilsuiw
 28958 | Shoals:3 | Found Zemonaik's Distillery.
 28977 | Shoals:3 | Bought a potion of heal wounds for 75 gold pieces
 28977 | Shoals:3 | Bought a potion of heal wounds for 75 gold pieces
 28977 | Shoals:3 | Bought 2 potions of heal wounds for 150 gold pieces
 29307 | Shoals:2 | Identified the +1 animal skin "Kougi" {rPois rF++ MP+9}
 29329 | Shoals:4 | Entered Level 4 of the Shoals
 29455 | Shoals:4 | Reached skill level 23 in Spellcasting
 29468 | Shoals:4 | Identified the +1 ring mail "Uronn" {rF+ Regen+ Int+3}
 29826 | Shoals:4 | Offered knowledge of Spellforged Servitor by Vehumet.
 29965 | Shoals:4 | Reached skill level 10 in Fighting
 30092 | Shoals:4 | Got Cuuv Rytt's Atlas of Hot Beguiling
 30092 | Shoals:4 | Got a barnacled rune of Zot
 30119 | Shoals:4 | Identified the ring "Pileq" {Ice Str+4 Dex+3 Slay+2}
 30171 | Shoals:4 | Paralysed by a sphinx for 3 turns
 30260 | Shoals:4 | Paralysed by a sphinx for 3 turns
 30393 | Shoals:4 | Reached XP level 18. HP: 98/108 MP: 41/47
 30822 | Shoals:3 | Learned a level 4 spell: Airstrike
 31396 | D:13     | Found a gate to the Vaults.
 31405 | D:13     | Reached skill level 24 in Spellcasting
 31801 | D:13     | Reached ****** piety under Vehumet
 32036 | D:13     | You fall into a shaft and drop 2 floors!
 32036 | D:15     | Entered Level 15 of the Dungeon
 32173 | D:15     | Found a gate leading to a gauntlet.
 32205 | D:15     | Found a stormy altar of Qazlal.
 32232 | D:15     | Found a staircase to the Depths.
 32268 | Gauntlet | Entered a Gauntlet
 32268 | Gauntlet | Found a transporter.
 32271 | Gauntlet | Found a transporter.
 32273 | Gauntlet | Found a transporter.
 32276 | Gauntlet | Found a transporter.
 32276 | Gauntlet | Found a transporter.
 32277 | Gauntlet | Found a transporter.
 32286 | Gauntlet | Found a transporter.
 32295 | Gauntlet | Found a transporter.
 32354 | Gauntlet | Found a transporter.
 32365 | Gauntlet | Found a transporter.
 32366 | Gauntlet | Found a transporter.
 32380 | Gauntlet | Found a transporter.
 32620 | Gauntlet | Identified the ring of Voavu {rCorr Str+3 Int+2}
 32653 | Gauntlet | Reached skill level 1 in Earth Magic
 32657 | Gauntlet | Identified the ring of Tiwi {rElec Str+6}
 32730 | Gauntlet | Identified the +10 hand axe of Unpleasantness {venom, rC-
                  | Str-5 Dex+6}
 33677 | D:14     | Reached skill level 25 in Spellcasting
 33681 | D:14     | Offered knowledge of Fire Storm by Vehumet.
 33681 | D:14     | Offered knowledge of Chain Lightning by Vehumet.
 33681 | D:14     | Offered knowledge of Polar Vortex by Vehumet.
 34459 | D:14     | Reached skill level 10 in Air Magic
 34761 | Vaults:1 | Entered Level 1 of the Vaults
 34976 | Vaults:1 | Identified the +9 arbalest of Xom's Indignation {penet,
                  | Dex+4 Stlth+}
 35044 | Vaults:1 | Reached XP level 19. HP: 96/114 MP: 31/50
 35646 | Vaults:1 | Found Emogyl Osee's Armour Boutique.
 36117 | Depths:1 | Entered Level 1 of the Depths
 36233 | Depths:1 | Reached skill level 26 in Spellcasting
 36295 | Depths:1 | Found a hazy altar of Hepliaklqana.
 36362 | Depths:1 | Found a radiant altar of Vehumet.
 36421 | Depths:1 | Noticed a hellephant
 36423 | Depths:1 | Noticed a hellephant
 36631 | D:15     | Killed a hellephant
 36679 | Depths:1 | Noticed a hellephant
 36686 | Depths:1 | Killed a hellephant
 36686 | Depths:1 | Killed a hellephant
 36802 | Depths:1 | Reached skill level 10 in Ice Magic
 36845 | Depths:1 | Found a gateway to Hell.
 36970 | Depths:1 | Reached skill level 5 in Earth Magic
 37285 | Depths:2 | Found a magical portal.
 37347 | WizLab   | Entered Cigotuvi's Fleshworks
 37356 | WizLab   | Learned a level 7 spell: Orb of Destruction
 37627 | WizLab   | Paralysed by a floating eye for 4 turns
 37654 | WizLab   | Reached skill level 27 in Spellcasting
 37667 | WizLab   | Found the -2 hat of the Alchemist {rElec rPois rF+ rC+ rN+
                  | Will+ rMut rCorr}
 37884 | WizLab   | Got the Handbook of Shapeshifting
 37886 | WizLab   | Got Cigotuvi's Book of the Switch
 37888 | WizLab   | Got the Incunable of Shapes
 38624 | WizLab   | Reached XP level 20. HP: 120/120 MP: 43/53
 38654 | WizLab   | Reached skill level 1 in Evocations
 38741 | Depths:2 | Found a one-way gate to the infinite horrors of the Abyss.
 38792 | Depths:2 | Found Wesogg's Book Emporium.
 38800 | Depths:2 | Bought Kyriuruj's Omnibus of Bewitching Frostbite for 512
                  | gold pieces
 38805 | Depths:2 | Learned a level 3 spell: Ozocubu's Armour
 38946 | Depths:2 | Reached skill level 5 in Short Blades
 38958 | Depths:2 | HP: 2/120 [tengu reaver/bolt of cold (38)]
 39654 | Depths:2 | Reached skill level 15 in Dodging
 40425 | Vaults:2 | Found a staircase to the Crypt.
 40470 | Vaults:2 | Found a flickering gateway to a bazaar.
 40516 | Bazaar   | Entered a bazaar
 40534 | Bazaar   | Found Huts's Armour Emporium.
 40534 | Bazaar   | Found Fuoqy's Distillery.
 40543 | Bazaar   | Bought a +1 cloak of stealth for 181 gold pieces
 40554 | Bazaar   | Bought a potion of curing for 21 gold pieces
 40554 | Bazaar   | Bought a potion of mutation for 56 gold pieces
 40565 | Bazaar   | Found Luehida's Magic Scroll Shoppe.
 40572 | Bazaar   | Bought a scroll of blinking for 82 gold pieces
 40583 | Bazaar   | Found Subykus's Antique Weapon Emporium.
 40583 | Bazaar   | Found Zefiutze's Weapon Shoppe.
 40587 | Bazaar   | Bought the +8 Vampire's Tooth {megavamp} for 540 gold
                  | pieces
 40587 | Bazaar   | Found the +8 Vampire's Tooth {megavamp}
 40593 | Bazaar   | Bought a glowing long sword for 175 gold pieces
 40604 | Bazaar   | Found Gopir's Armour Shoppe.
 40608 | Bazaar   | Bought the +0 mask of the Dragon {Will+ Slay+3 SInv} for
                  | 367 gold pieces
 40608 | Bazaar   | Found the +0 mask of the Dragon {Will+ Slay+3 SInv}
 40846 | Vaults:2 | Paralysed by a great orb of eyes for 5 turns
 41868 | Vaults:3 | Reached XP level 21. HP: 98/125 MP: 51/54
 42454 | Vaults:3 | Paralysed by a great orb of eyes for 5 turns
 42543 | Vaults:3 | Reached skill level 10 in Fire Magic
 42661 | Vaults:3 | Noticed Mennas
 42705 | Vaults:3 | Slain by Mennas

Illustrated notes

Levels and vault maps discovered:
D:1:      sevenhm_arrival_forest_fort_small_3, layout_rooms,
          chequers_serial_rivers_room_b, minmay_misc_feat_five
D:2:      layout_loops_ring, dreamdust_ecumenical_altar_angels_and_demons,
          serial_shops, shop
D:3:      layout_basic, grunt_temple_overflow_open, minmay_misc_feat_iff
D:4:      layout_basic, nicolae_overflow_quartered_altars, serial_shops,
          nicolae_diamond_shop
D:5:      layout_loops_ring, lemuel_doored_altar, minmay_misc_feat_rows,
          dreamdust_wishing_well
D:6:      layout_loops_cross, fedhas_altar_fruit_tree,
          minmay_temple_entry_glass, uniq_pikel, uniq_blork_the_orc
D:7:      layout_basic, uniq_menkaure, uniq_joseph, uniq_crazy_yiuf_cottage
D:8:      layout_basic, nicolae_uskayaw_dance_hall, serial_demonic,
          serial_demonic_d, serial_demonic_a, serial_demonic_c,
          serial_demonic_c, nicolae_diode_quadrants
D:9:      layout_irregular_city, kennysheep_little_box, enter_bailey_4,
          minmay_between, uniq_harold
D:10:     layout_basic, nicolae_ru_awakened_eye
D:11:     layout_rooms, hellmonk_lair_entry_icy, serial_ice, serial_ice_j,
          serial_ice_m, serial_ice_o, serial_ice_c, serial_ice_g, serial_ice_f,
          guppyfry_shop_earth, uniq_psyche, uniq_lodul
D:12:     layout_roguey, nicolae_trove_entry_crossroad
D:13:     layout_loops_ring, lightli_vaults_fourway_checkpoint
D:14:     nzn_winding_woodlands_large [nzn_winding_woodlands_5x5_checkerboard,
          nzn_winding_woodlands_5x15_longhouse,
          nzn_winding_woodlands_5x5_default,
          nzn_winding_woodlands_center_garden,
          nzn_winding_woodlands_15x15_five_gardens,
          nzn_winding_woodlands_center_lodge, nzn_winding_woodlands_5x5_default,
          nzn_winding_woodlands_5x15_crooked, nzn_winding_woodlands_5x5_three],
          layout_loops_corners
D:15:     grunt_enter_depths_giant_problem, layout_rooms,
          nicolae_qazlal_scattered_showers, gauntlet_entry_generic
Lair:1:   layout_small_grid
Lair:2:   gammafunk_boulding_lane, layout_small_grid, elwin_shoals_entry_rooms
Lair:3:   kb_forest_paths, layout_chaotic_city, spider_nest_entry_rubble
Lair:4:   layout_hall_layers, grunt_megastairs_3, lemuel_fruit_fields,
          uniq_rupert
Lair:5:   guppyfry_lair_end_dragon, layout_misc_corridors, wormcave,
          dpeg_slime_entry_enclosed
Shoals:1: layout_shoals, nicolae_shoals_nautilus_by_nature
Shoals:2: argonaut_golden_fleece, layout_shoals, nicolae_shop_firing_range
Shoals:3: layout_shoals, serial_shops, shop, nicolae_shoals_lost_giant_hut,
          uniq_ilsuiw
Shoals:4: shoals_end_hellmonk_lost_city, serial_shops
Spider:1: layout_spider_delve, nicolae_spider_some_kinda_spiderbox
Spider:2: layout_spider_delve, nicolae_spider_twisty_arc_passages
Spider:3: layout_chambers, nicolae_orb_stairs
Spider:4: grunt_spider_rune_circles, guppyfry_hornet_nest, uniq_mara
Orc:1:    layout_caves
Orc:2:    pf_orc_diabolical, layout_diamond_mine, uniq_azrael
Elf:1:    minmay_elf_arrival_plus, layout_loops_cross,
          kennysheep_underground_church
Vaults:1: vaults_dpeg_emergency_exit, nicolae_vaults_ellipses_ellipsis,
          nicolae_vaults_variable_pillar_hall, v_misc_22, v_misc_33,
          nicolae_vaults_closet_pinwheel_3, v_alt_pattern_4, v_alt_pattern_4,
          nicolae_vaults_tetromino_Z_2, nicolae_vaults_taking_the_gang_shopping,
          nicolae_vaults_spaceships, v_misc_33, nicolae_vaults_shelves_hall,
          nicolae_vaults_trapezoid_lopsided_1, nicolae_vaults_little_ls,
          layout_vaults_ring
Vaults:2: ontoclasm_vaults_bender, nicolae_vaults_storage_closets_1, v_misc_9,
          vaults_room_pools, nicolae_vaults_more_shelving_2, v_misc_14,
          vaults_standard_mumra_lines, hangedman_vaults_stream,
          nicolae_vaults_windows_and_doors_thing,
          minmay_crypt_entry_simple_corners, nicolae_vaults_stand_back,
          vaults_dpeg_diagonal, nicolae_vaults_little_squares_5,
          layout_vaults_omnibox, serial_shops, bzr_entry_gold
Vaults:3: nicolae_vaults_three_branches, v_misc_15, vaults_standard_mumra_x,
          v_misc_13, ontoclasm_vaults_loading_screen, nicolae_vaults_tangram_1,
          nicolae_vaults_display_case, vaults_room_ringed_pool,
          nicolae_vaults_octothorpe, vaults_mumra_minichess,
          nicolae_vaults_variable_pillar_hall, v_alt_pattern_6,
          nicolae_vaults_tetromino_L_1, nicolae_vaults_trapezoid_3,
          layout_vaults_big_room, uniq_mennas
Depths:1: layout_cave_pools, grunt_hell_horde, lemuel_statue_altar,
          nicolae_vehumet_radiance
Depths:2: kennysheep_bubbly, layout_cave_pools, nicolae_two_hexagons,
          serial_shops, nicolae_shop_trees, infiniplex_enter_wizlab_glasses,
          abyss_entry, pf_hell_entry_great_geh, rand_demon_pan_entry_7,
          chequers_jeans

Skill      XL: |  1  2  3  4  5  6  7  8  9 10 11 12 13 14 15 16 17 18 19 20 21 |
---------------+----------------------------------------------------------------+-----
Spellcasting   | 5 6 7 8 9 11 13 14 15 16 17 19 20 22 23 25 27 | 27.0
Necromancy     | 1 2 3 4 6 7 9 10 11 12 13 | 13.2
Dodging        | 1 2 3 4 6 8 9 10 11 12 13 14 15 16 | 16.0
Short Blades   | 1 2 3 4 5 |  5.5
Conjurations   | 1 2 5 6 7 8 9 |  9.1
Translocations | 3 4 5 6 |  6.6
Throwing       | 1 2 3 |  3.2
Stealth        | 2 3 4 |  4.7
Shields        | 2 3 |  3.0
Fighting       | 1 3 4 5 6 7 8 10 11 | 11.6
Transmutations | 1 3 4 5 |  5.7
Poison Magic   | 3 4 5 6 7 8 9 |  9.4
Fire Magic     | 2 3 5 6 7 8 9 10 | 10.0
Air Magic      | 2 3 5 6 7 8 9 10 11 12 13 | 13.2
Armour         | 3 4 6 7 |  7.0
Ice Magic      | 3 4 5 6 8 9 10 11 12 | 12.1
Long Blades    | 1 2 |  2.4
Earth Magic    | 3 5 8 |  8.8
Evocations     | 1 |  1.5
Invocations    | |  1.0

Action                     |  1- 3 |  4- 6 |  7- 9 | 10-12 | 13-15 | 16-18 | 19-21 || total
---------------------------+-------+-------+-------+-------+-------+-------+-------++-------
  Melee: Short sword       |    17 |       |       |       |       |       |       ||    17
         Rapier            |    32 |    38 |    58 |   163 |    93 |   163 |    88 ||   635
         Dagger            |       |    32 |    28 |       |       |       |       ||    60
         Scimitar          |       |       |       |     9 |    16 |       |       ||    25
         Long sword        |       |       |       |       |       |       |    35 ||    35
         Quick blade       |       |       |       |       |       |       |     6 ||     6
  Throw: Dart              |       |    17 |    27 |    53 |       |       |       ||    97
         Boomerang         |       |       |       |       |     1 |    11 |       ||    12
         Javelin           |       |       |       |       |       |       |     1 ||     1
   Cast: Apportation       |    32 |    22 |    27 |    62 |    68 |    61 |    64 ||   336
         Magic Dart        |    56 |    24 |    34 |    11 |     6 |       |     1 ||   132
         Vampiric Draining |       |    26 |    53 |   100 |    18 |    70 |    58 ||   325
         Blink             |       |     3 |     3 |    14 |    23 |    18 |    16 ||    77
         Searing Ray       |       |       |    44 |    35 |    29 |    10 |    14 ||   132
         Ignite Poison     |       |       |     3 |    57 |   157 |   193 |   128 ||   538
         Poisonous Vapours |       |       |       |    62 |   251 |   243 |   156 ||   712
         Fireball          |       |       |       |    11 |     8 |    13 |     1 ||    33
         Mephitic Cloud    |       |       |       |    10 |    11 |    22 |    25 ||    68
         Arcjolt           |       |       |       |     4 |       |       |       ||     4
         Freezing Cloud    |       |       |       |     9 |    37 |    25 |    35 ||   106
         Wereblood         |       |       |       |     4 |    23 |    24 |    26 ||    77
         Sticky Flame      |       |       |       |       |    16 |    70 |    56 ||   142
         Olgreb's Toxic Ra |       |       |       |       |    24 |    58 |    55 ||   137
         Ozocubu's Refrige |       |       |       |       |     2 |    19 |    33 ||    54
         Frozen Ramparts   |       |       |       |       |       |    34 |    29 ||    63
         Irradiate         |       |       |       |       |       |     5 |    20 ||    25
         Orb of Destructio |       |       |       |       |       |       |    31 ||    31
         Ozocubu's Armour  |       |       |       |       |       |       |    12 ||    12
  Evoke: Wand              |       |       |     7 |     6 |    10 |       |     8 ||    31
    Use: Scroll            |       |     1 |    10 |    11 |    10 |     5 |     8 ||    45
         Potion            |       |       |     2 |     2 |     3 |     8 |    12 ||    27
   Stab: Sleeping          |       |     2 |     2 |     7 |     4 |     4 |     5 ||    24
         Distracted        |       |       |       |     1 |       |       |       ||     1
         Confused          |       |       |       |     2 |     2 |     1 |     2 ||     7
 Armour: Robe              |    30 |    14 |    27 |       |       |       |       ||    71
         Steam dragon scal |       |       |    26 |   103 |       |       |       ||   129
         Troll leather arm |       |       |       |    11 |    98 |   182 |       ||   291
         Ring mail         |       |       |       |       |       |    98 |   204 ||   302
  Dodge: Dodged            |    56 |    47 |   120 |   243 |   177 |   367 |   164 ||  1174
         Repelled          |       |       |       |       |       |     2 |       ||     2
  Block: Buckler           |    17 |    13 |    32 |    73 |    50 |   201 |    57 ||   443
         Reflection        |       |       |       |       |       |    24 |       ||    24
